 Dungeon Crawl Stone Soup version 0.28-a0-206-gc2c9e32840 (webtiles) character file.

Game seed: 251677383618357696

424 Lochraine the Skirmisher (level 6, 0/67 HPs)
             Began as an Ogre Hunter on Aug 20, 2021.
             Slain by Duvessa (10 damage)
             ... on level 5 of the Dungeon.
             The game lasted 00:08:07 (5195 turns).

Lochraine the Skirmisher (Ogre Hunter)              Turns: 5195, Time: 00:08:07

Health: 0/67       AC:  3    Str: 18    XL:     6   Next: 96%
Magic:  6/6        EV: 10    Int: 12    God:
Gold:   221        SH:  0    Dex: 10    Spells: 5/5 levels left

rFire   + . .      SeeInvis .   e - +0 spear
rCold   . . .      Faith    .   (no shield)
rNeg    . . .      Spirit   .   b - +0 robe
rPois   .          Reflect  .   (helmet restricted)
rElec   .          Harm     .   (no cloak)
rCorr   .          Rampage  .   (gloves unavailable)
Will    .....                   (boots unavailable)
Stlth   +.........              (no amulet)
HPRegen 0.21/turn               v - ring of protection from fire
MPRegen 0.10/turn               (no ring)

@: studying Short Blades
A: large, unfitting armour, tough skin 1
a: no special abilities


You were on level 5 of the Dungeon.
You visited 1 branch of the dungeon, and saw 5 of its levels.

You collected 221 gold pieces.

Inventory:

Hand Weapons
 a - a +0 short sword
 e - a +0 spear (weapon)
   (You found it on level 1 of the Dungeon)
 s - a +0 club
   (You took it off a goblin on level 3 of the Dungeon)
Missiles
 c - 3 large rocks
 d - a throwing net
 g - 182 stones
 m - 38 poisoned darts (quivered)
 r - 2 silver boomerangs
 u - 6 atropa-tipped darts
Armour
 b - a +0 robe (worn)
Jewellery
 v - a ring of protection from fire (left hand)
   (You found it on level 4 of the Dungeon)
Wands
 t - a wand of polymorph (12)
   (You took it off Ijyb on level 3 of the Dungeon)
 x - a wand of acid (6)
   (You found it on level 5 of the Dungeon)
Scrolls
 f - a scroll of enchant weapon {unknown}
 i - a scroll of enchant armour {unknown}
 k - 4 scrolls of identify {unknown}
 l - a scroll of fog {unknown}
 o - 2 scrolls of teleportation {unknown}
Potions
 h - 4 potions of curing {@q1}
 j - a potion of lignification {unknown}
 n - a potion of attraction {unknown}
 p - a potion of haste {unknown}
 q - a potion of mutation {unknown}
 w - a potion of heal wounds {unknown}


   Skills:
 + Level 5.8 Fighting
 + Level 2.3 Maces & Flails
 + Level 5.6 Throwing
 + Level 3.1 Dodging
 - Level 0.6 Stealth


You had 5 spell levels left.
You didn't know any spells.
Your spell library was empty.

Dungeon Overview and Level Annotations

Branches:
Dungeon (5/15)
 Temple: D:4-7

Altars:
Elyvilon
Hepliaklqana
Makhleb
Xom
Yredelemnul

Annotations:
D:5 Duvessa


Innate Abilities, Weirdness & Mutations

You are too large for most types of armour.
You have tough skin. (AC +1)


Message History

m - 35 poisoned darts (gained 1)
Things that are here:
a +0 dagger; a +0 robe
m - 36 poisoned darts (gained 1)
You now have 221 gold pieces (gained 17).
m - 37 poisoned darts (gained 1)
You see here a +0 dagger.
m - 39 poisoned darts (gained 2)
A hound skeleton is nearby!
A hound skeleton is nearby!
Duvessa, Sister of Dowan comes into view.
She is wielding a +1 vampiric short sword.
Duvessa goes berserk!
Throw: 39 darts (poison)
Aim: Duvessa, wielding a +1 vampiric short sword and wearing a +0 ring mail (berserk, 68% to hit)
You throw a poisoned dart. The poisoned dart hits Duvessa!
Duvessa is poisoned.
Aim: Duvessa, wielding a +1 vampiric short sword and wearing a +0 ring mail (lightly wounded, berserk, very poisoned, 79% to hit)
The bolt of acid hits Duvessa!
Duvessa is splashed with acid.
Aim: Duvessa, wielding a +1 vampiric short sword and wearing a +0 ring mail (moderately wounded, berserk, very poisoned, will become a steam dragon, a bullfrog, or a centaur, chance to affect: 28%) Duvessa easily resists.
Aim: Duvessa, wielding a +1 vampiric short sword and wearing a +0 ring mail (heavily wounded, berserk, very poisoned, will become a steam dragon, a bullfrog, or a centaur, chance to affect: 28%) Duvessa easily resists.
Duvessa misses you. Duvessa barely misses you.
You see here a +0 dagger.
Throw: 5 large rocks
Aim: Duvessa, wielding a +1 vampiric short sword and wearing a +0 ring mail (heavily wounded, berserk, very poisoned, 68% to hit)
You throw a large rock. The large rock closely misses Duvessa.
Duvessa hits you with a +1 vampiric short sword!
Duvessa draws strength from your wounds!
Duvessa completely misses you.
Duvessa hits you with a +1 vampiric short sword!
Throw: 4 large rocks
Aim: Duvessa, wielding a +1 vampiric short sword and wearing a +0 ring mail (moderately wounded, berserk, very poisoned, 68% to hit)
You throw a large rock. The large rock closely misses Duvessa.
The large rock barely misses the hound skeleton.
Duvessa hits you with a +1 vampiric short sword!
* * * LOW HITPOINT WARNING * * *
Duvessa hits you with a +1 vampiric short sword!
* * * LOW HITPOINT WARNING * * *
Duvessa draws strength from your wounds!
It was a potion of curing.
You feel better.
Duvessa hits you with a +1 vampiric short sword!
* * * LOW HITPOINT WARNING * * *
Duvessa draws strength from your wounds!
Duvessa hits you with a +1 vampiric short sword!
* * * LOW HITPOINT WARNING * * *
Duvessa draws strength from your wounds!
Okay, then.
Aim: Duvessa, wielding a +1 vampiric short sword and wearing a +0 ring mail (lightly wounded, berserk, poisoned, will become a steam dragon, a bullfrog, or a centaur, chance to affect: 28%) Duvessa easily resists.
Duvessa hits you with a +1 vampiric short sword!
You die...

..... #
..... ###.##
...... ..#.
......# #..#
# .(.....###
#..########
........(#
#..........
.#.....#Z#
##^..#######
##...##e#
#...........
## ##Z# #@#
#.##.#######
.. ... #.#
#.##.# # #.#
### #)#
#.##.# ..#
#.#####.##.#
#.#
#....)..##.#
..#
##########.#
..# #.# ..#
#.# ....


You could see Duvessa (berserk, poisoned) and a hound skeleton.

Vanquished Creatures
  A centaur (D:4)
  A scorpion (D:4)
  A wyvern skeleton (D:5)
  Dowan (D:5)
  Ijyb (D:3)
  3 gnolls (D:4)
  5 adders
  A shadow imp (D:4)
  An ufetubus (D:4)
  3 worms
  2 orcs (D:5)
  2 bats
  5 endoplasms
  4 giant cockroaches
  10 goblins
  3 hobgoblins
  4 jackals
  5 kobolds
  2 quokkas
  6 ball pythons
  2 frilled lizards
  5 rats
68 creatures vanquished.

Notes
Turn   | Place    | Note
-------+----------+-------------------------------------------
     0 | D:1      | Lochraine the Ogre Hunter began the quest for the Orb.
     0 | D:1      | Reached XP level 1. HP: 22/22 MP: 1/1
   265 | D:1      | Reached XP level 2. HP: 7/31 MP: 2/2
   662 | D:1      | Found a faded altar of an unknown god.
  1327 | D:2      | Reached XP level 3. HP: 39/39 MP: 3/3
  2260 | D:3      | Found a burning altar of Makhleb.
  2268 | D:3      | Reached XP level 4. HP: 49/49 MP: 4/4
  2275 | D:3      | Noticed Ijyb
  2632 | D:3      | Killed Ijyb
  2740 | D:3      | Found a white marble altar of Elyvilon.
  3032 | D:4      | Noticed a centaur
  3050 | D:4      | Reached skill level 5 in Throwing
  3050 | D:4      | Reached XP level 5. HP: 6/55 MP: 5/5
  3051 | D:4      | HP: 2/55 [centaur (1)]
  3052 | D:4      | Killed a centaur
  3053 | D:4      | Reached skill level 5 in Fighting
  3053 | D:4      | Reached skill level 1 in Maces & Flails
  3816 | D:4      | Found a shimmering altar of Xom.
  3870 | D:4      | Reached XP level 6. HP: 57/66 MP: 6/6
  4254 | D:4      | Found a basalt altar of Yredelemnul.
  4638 | D:4      | Found a hazy altar of Hepliaklqana.
  4785 | D:5      | Entered Level 5 of the Dungeon
  5150 | D:5      | Noticed Dowan
  5168 | D:5      | Killed Dowan
  5184 | D:5      | Noticed Duvessa
  5195 | D:5      | Slain by Duvessa

Illustrated notes

Levels and vault maps discovered:
D:1:      minmay_arrival_radiant_lines, layout_basic, basic_ecumenical_altar
D:2:      layout_rooms
D:3:      layout_loops_ring, nicolae_elyvilon_temple_path,
          mainiacjoe_overflow_brackets, uniq_ijyb
D:4:      layout_loops_ring, worldfamousw_hep_ancestral_shrine,
          mainiacjoe_overflow_catwalk, xom_teletrap_fun,
          minmay_manual_monstrance
D:5:      layout_loops_ring, nicolae_overflow_hidden_temple,
          minmay_temple_entry_proselytizer, gammafunk_ghost_stat_death,
          uniq_duvessa

Skill      XL: |  1  2  3  4  5  6 |
---------------+-------------------+-----
Fighting       | 3 4 5 |  5.8
Dodging        | 2 3 |  3.1
Throwing       | 5 |  5.6
Maces & Flails | 1 2 |  2.3
Stealth        | |  0.6

Action                   |  1- 3 |  4- 6 || total
-------------------------+-------+-------++-------
Melee: Spear             |   189 |   126 ||   315
Throw: Large rock        |     2 |     4 ||     6
       Dart              |       |    71 ||    71
       Throwing net      |       |     1 ||     1
Evoke: Wand              |       |     4 ||     4
  Use: Potion            |       |     1 ||     1
 Stab: Sleeping          |     4 |     1 ||     5
       Distracted        |     1 |       ||     1
Armor: Robe              |    55 |    30 ||    85
Dodge: Dodged            |    77 |    98 ||   175

Table legend: (Time is in decaauts)
 A = Elapsed time spent in this place.
 B = Non-inter-level travel time spent in this place.
 C = Inter-level travel time spent in this place.
 D = Time resting spent in this place.
 E = Time spent auto-exploring this place.
 F = Levels seen in this place.
 G = Mean time per level.
                   A        B        C        D        E       F      G
               +--------+--------+--------+--------+--------+-----+--------+
         Total |   5211 |   5072 |    139 |   1263 |   3027 |   5 | 1042.2 |
       Dungeon |   5211 |   5072 |    139 |   1263 |   3027 |   5 | 1042.2 |
               +--------+--------+--------+--------+--------+-----+--------+

Top non-repeatable levels by time:
     D:4: 2189 daAuts
     D:1: 1326 daAuts
     D:3: 760 daAuts
     D:2: 701 daAuts
     D:5: 233 daAuts
